 Dungeon Crawl Stone Soup version 0.25-a0-1002-gbcf8c60d55 (webtiles) character file.

Game seed: 13154072825500218412, levelgen mode: deterministic

6386 EWolf27 the Grappler (level 10, -5/105 HPs)
             Began as a Troll Berserker on May 11, 2020.
             Was a High Priest of Trog.
             Slain by a slime creature (9 damage)
             ... on level 12 of the Dungeon.
             The game lasted 00:38:32 (8861 turns).

EWolf27 the Grappler (Troll Berserker)              Turns: 8861, Time: 00:38:33

Health: -5/105     AC: 10    Str: 28    XL:     10   Next: 66%
Magic:  10/10      EV: 13    Int:  4    God:    Trog [*****.]
Gold:   484        SH:  0    Dex: 10    Spells: 9/9 levels left

rFire    . . .     SeeInvis .     - Unarmed
rCold    . . .     Gourm    +   (no shield)
rNeg     . . .     Faith    .   r - +1 robe {MR+}
rPois    .         Spirit   .   (helmet restricted)
rElec    .         Reflect  .   o - +2 cloak
rCorr    .         Harm     .   (gloves unavailable)
MR       +++..                  (boots unavailable)
Stlth    +.........             (no amulet)
HPRegen  1.67/turn              (no ring)
MPRegen  0.12/turn              (no ring)

@: regenerating
A: large, unfitting armour, claws 3, fast metabolism 3, gourmand, regeneration
1, shaggy fur 1, tough skin 3
a: Berserk, Trog's Hand, Brothers in Arms, Renounce Religion


You were on level 12 of the Dungeon.
You worshipped Trog.
Trog was extremely pleased with you.
You were full.

You visited 2 branches of the dungeon, and saw 11 of its levels.

You collected 484 gold pieces.

Inventory:

Hand Weapons
 y - a +0 giant spiked club
Missiles
 f - 3 atropa-tipped darts
 n - 8 javelins (quivered)
 C - 24 poisoned darts
Armour
 o - a +2 cloak (worn)
 r - a +1 robe of magic resistance (worn)
Wands
 h - a wand of disintegration (36)
 s - a wand of paralysis (5)
 t - a wand of acid (6)
 x - a wand of polymorph (7)
 E - a wand of digging (6)
Scrolls
 a - 3 scrolls of teleportation
 c - 3 scrolls of amnesia {unknown}
 d - 2 scrolls of immolation {unknown}
 i - 4 scrolls of magic mapping {unknown}
 j - 3 scrolls of remove curse {unknown}
 m - 2 scrolls of fear {unknown}
 p - 3 scrolls of enchant armour {unknown}
 v - 2 scrolls of enchant weapon {unknown}
 w - 2 scrolls of noise {unknown}
 D - 3 scrolls of identify
 F - a scroll of brand weapon {unknown}
Potions
 e - 6 potions of curing
 g - 2 potions of heal wounds {unknown}
 k - 3 potions of berserk rage
 l - 2 potions of degeneration {unknown}
 q - a potion of cancellation {unknown}
 u - 2 potions of resistance
 z - a potion of mutation {unknown}
 A - a potion of brilliance {unknown}
 B - a potion of might
Comestibles
 b - 25 rations


   Skills:
 + Level 8.3 Fighting
 + Level 7.8 Dodging
 + Level 10.0 Unarmed Combat
 + Level 2.0 Evocations


You had 9 spell levels left.
You didn't know any spells.
Your spell library was empty.

Dungeon Overview and Level Annotations

Branches:
Dungeon (9/15)             Temple (1/1) D:5
   Lair: D:8-11         Orc: D:9-12

Altars:
Ashenzari
Cheibriados
Dithmenos
Elyvilon
Fedhas
Gozag
Hepliaklqana
Kikubaaqudgha
Makhleb
Nemelex Xobeh
Okawaru
Qazlal
Ru
Sif Muna
Trog
Uskayaw
Vehumet
Wu Jian
Xom
Yredelemnul
Zin
The Shining One

Shops:
D:7 =


Innate Abilities, Weirdness & Mutations

You are too large for most types of armour.
You have claws for hands.
Your metabolism is lightning-fast.
You like to eat raw meat.
Your natural rate of healing is unusually fast.
You are covered in fur. (AC +1)
You have extremely tough skin. (AC +3)


Message History

You kill the slime creature!
Trog accepts your kill.
Your Evocations skill increases to level 2!
The slime creature hits you!!
* * * LOW HITPOINT WARNING * * *
You mangle the slime creature!!
The slime creature is heavily wounded.
The slime creature hits you!
* * * LOW HITPOINT WARNING * * *
You mangle the slime creature!!
The slime creature is almost dead.
The slime creature hits you but does no damage.
Your skin crawls.
You feel resistant to hostile enchantments.
You feel somewhat less full. The slime creature hits you!
* * * LOW HITPOINT WARNING * * *
You feel better. The slime creature hits you!
* * * LOW HITPOINT WARNING * * *
The slime creature hits you!
You die...

######## #......#
#############
#.##...###............
#####.#8...8##............
#.....##...##>......§≈§§..
###.....##.@.##.......§§§≈§.
#.......##JJ.##........§≈§§.
#.#.....#8...8#.#####....§§.
#.########...#### ###.......
#.#8###8##...##8###8########
#...........................
#............)(........#####
#............(.........## #
###8###8##...##8###8#...###


You could see 2 slime creatures.

Vanquished Creatures
  A two-headed ogre (D:12)
  Urug (D:12)
  A troll (D:12)
  2 slime creatures (D:12)
  A hippogriff (D:7)
  2 hungry ghosts
  3 vampire mosquitoes (D:12)
  A steam dragon (D:8)
  Duvessa (D:7)
  2 sky beasts
  An ice beast (D:6)
  3 orc warriors
  A phantom (D:7)
  6 centaurs
  5 ogres (D:7)
  A big kobold (D:12)
  4 bullfrogs
  A gnoll sergeant (D:7)
  Dowan (D:7)
  A water moccasin skeleton (D:12)
  A centaur zombie (D:12)
  4 crimson imps
  A quasit (D:8)
  3 hounds
  9 orc wizards
  4 jellies
  A bullfrog zombie (D:5)
  6 orc priests
  A gnoll shaman (D:7)
  An iguana (D:7)
  Ijyb (D:4)
  11 worker ants
  A howler monkey skeleton (D:6)
  9 adders
  7 gnolls
  A shadow imp (D:6)
  An ooze (D:2)
  3 worms
  A dart slug (D:2)
  5 leopard geckos
  28 orcs
  6 bats
  2 giant cockroaches (D:5)
  13 hobgoblins
  15 jackals
  5 quokkas
  3 ball pythons
  9 frilled lizards
  8 goblins
  2 jackal skeletons
  18 kobolds
  2 quokka skeletons
  2 quokka zombies
  3 rats
226 creatures vanquished.

Notes
Turn   | Place    | Note
-------+----------+-------------------------------------------
     0 | D:1      | EWolf27 the Troll Berserker began the quest for the Orb.
     0 | D:1      | Reached XP level 1. HP: 22/22 MP: 0/0
     8 | D:1      | Found a sparkling altar of Nemelex Xobeh.
   170 | D:1      | Reached XP level 2. HP: 29/29 MP: 1/1
   903 | D:2      | Reached XP level 3. HP: 36/36 MP: 2/2
   929 | D:2      | Reached ** piety under Trog
  1564 | D:3      | Reached XP level 4. HP: 45/45 MP: 3/3
  1828 | D:3      | Reached skill level 4 in Unarmed Combat
  1978 | D:3      | Reached XP level 5. HP: 37/53 MP: 4/4
  1982 | D:3      | Reached *** piety under Trog
  2869 | D:4      | Reached XP level 6. HP: 62/62 MP: 5/5
  2938 | D:4      | Noticed Ijyb
  2946 | D:4      | Killed Ijyb
  3078 | D:5      | Entered Level 5 of the Dungeon
  3079 | D:5      | Found a bloodstained altar of Trog.
  3086 | D:5      | Found an ancient bone altar of Kikubaaqudgha.
  3191 | D:5      | Reached skill level 5 in Unarmed Combat
  3258 | D:5      | Found a staircase to the Ecumenical Temple.
  3272 | D:5      | Found a white marble altar of Elyvilon.
  3301 | Temple   | Entered the Ecumenical Temple
  3543 | D:5      | Found a hide-covered altar of Uskayaw.
  3661 | D:5      | Reached XP level 7. HP: 67/71 MP: 6/6
  3941 | D:6      | Reached skill level 6 in Unarmed Combat
  4028 | D:6      | Reached skill level 5 in Fighting
  4032 | D:6      | Reached **** piety under Trog
  4576 | D:6      | Found a radiant altar of Vehumet.
  4582 | D:6      | Reached XP level 8. HP: 80/80 MP: 7/7
  4771 | D:7      | Noticed a hippogriff
  4775 | D:7      | Killed a hippogriff
  4802 | D:7      | Reached skill level 5 in Dodging
  4802 | D:7      | Reached skill level 7 in Unarmed Combat
  5601 | D:7      | Found Qaotuof's Jewellery Emporium.
  5694 | D:7      | Noticed Duvessa
  5697 | D:7      | Killed Duvessa
  5697 | D:7      | Reached XP level 9. HP: 91/91 MP: 8/8
  5697 | D:7      | Noticed Dowan
  5700 | D:7      | Killed Dowan
  5926 | D:7      | Reached skill level 8 in Unarmed Combat
  6363 | D:7      | Reached ***** piety under Trog
  7562 | D:8      | Reached skill level 9 in Unarmed Combat
  7938 | D:9      | You fall into a shaft and drop 3 floors!
  7955 | D:12     | Noticed a two-headed ogre
  7976 | D:12     | Killed a two-headed ogre
  7976 | D:12     | Reached XP level 10. HP: 66/104 MP: 9/9
  8200 | D:12     | Noticed Urug
  8263 | D:12     | Paralysed by Urug for 5 turns
  8275 | D:12     | Killed Urug
  8275 | D:12     | Reached skill level 1 in Evocations
  8846 | D:12     | Reached skill level 10 in Unarmed Combat
  8860 | D:12     | HP: 4/105 [slime creature (15)]
  8861 | D:12     | Slain by a slime creature

Illustrated notes

Levels and vault maps discovered:
D:1:      ncdulo_watergridlock, layout_basic, minmay_misc_feat_room,
          nemelex_xobeh_ov_fountains_minmay
D:2:      layout_loops_ring
D:3:      layout_loops_cross
D:4:      layout_loops_ring, first_ration, uniq_ijyb
D:5:      layout_rooms, bloody_trog, minmay_temple_entry_large_hall,
          basic_altar, kennysheep_nub, hangedman_feature_mirror
D:6:      layout_basic, minmay_ruined_shrine
D:7:      kennysheep_housing_project, layout_loops_ring, serial_shops,
          nicolae_shop_window_shopping, grunt_ogre_cave, dk_noncrumbling_2,
          kennysheep_generic_room_9, uniq_duvessa
D:8:      layout_cave_pools
D:9:      layout_loops_ring, erik_lair_island, nicolae_ru_path_of_blood
D:12:     layout_basic, serial_corexii_hall, corexii_hall_statues_u,
          corexii_hall_statues_s, corexii_hall_statues_deadend,
          corexii_hall_statues_x, corexii_hall_statues_l,
          corexii_hall_statues_i, uniq_urug
Temple:   grunt_wide_crystal_templ

Skill      XL: |  1  2  3  4  5  6  7  8  9 10 |
---------------+-------------------------------+-----
Fighting       | 3 4 5 6 7 8 |  8.3
Dodging        | 3 4 5 7 |  7.8
Unarmed Combat | 4 5 6 7 9 10 | 10.0
Evocations     | 2 |  2.0

Action                   |  1- 3 |  4- 6 |  7- 9 | 10-12 || total
-------------------------+-------+-------+-------+-------++-------
Melee: Unarmed           |   108 |   144 |   365 |    85 ||   702
       Punch             |     1 |     1 |    11 |     3 ||    16
Throw: Javelin           |       |       |       |     2 ||     2
Invok: Trog's Hand       |       |       |     3 |     2 ||     5
       Berserk           |       |       |       |     1 ||     1
  Use: Scroll            |       |     3 |     3 |       ||     6
       Potion            |       |       |       |     1 ||     1
 Stab: Sleeping          |       |     1 |       |       ||     1
  Eat: Chunk             |    20 |    19 |    55 |     7 ||   101
Armor: Animal skin       |    48 |    19 |       |       ||    67
       Robe              |       |    21 |   109 |    12 ||   142
Dodge: Dodged            |    67 |    57 |   197 |    52 ||   373

Table legend:
 A = Non-vault XP
 B = Vault XP
 C = Vault XP percentage of total XP
 D = Non-vault monster count
 E = Vault monster count
 F = Vault count percentage of total count
                 A         B        C        D         E       F
            +---------+---------+-------+---------+---------+-------
      Total |    6802 |    2321 |  25.4 |     184 |      42 |  18.6
            +---------+---------+-------+---------+---------+-------
        D:1 |      24 |       0 |   0.0 |      16 |       0 |   0.0
        D:2 |      41 |       0 |   0.0 |      15 |       0 |   0.0
        D:3 |     146 |       0 |   0.0 |      25 |       0 |   0.0
        D:4 |     181 |      36 |  16.6 |      11 |       1 |   8.3
        D:5 |     291 |      42 |  12.6 |      19 |       2 |   9.5
        D:6 |     709 |     157 |  18.1 |      26 |       6 |  18.8
        D:7 |    1288 |    1251 |  49.3 |      20 |      32 |  61.5
        D:8 |     796 |       0 |   0.0 |      17 |       0 |   0.0
        D:9 |     534 |       0 |   0.0 |      14 |       0 |   0.0
       D:12 |    2792 |     835 |  23.0 |      21 |       1 |   4.5
            +---------+---------+-------+---------+---------+-------
